 Dungeon Crawl Stone Soup version 0.21-a0-91-ga5031da (webtiles) character file.

17406 sagitran the Slicer (level 12, -9/86 HPs)
             Began as a Gnoll Wanderer on June 27, 2017.
             Was an Elder of Ashenzari.
             Mangled by a large slime creature (29 damage)
             ... on level 12 of the Dungeon on June 29, 2017.
             The game lasted 01:28:36 (10374 turns).

sagitran the Slicer (Gnoll Wanderer)               Turns: 10374, Time: 01:28:37

Health: -9/86      AC: 15    Str: 12    XL:     12   Next: 47%
Magic:  13/15      EV: 20    Int: 13    God:    Ashenzari [****..]
Gold:   752        SH: 10    Dex: 19    Spells: 6/15 levels left

rFire    . . .     SeeInvis +   q - +5 dagger (curse)
rCold    . . .     Gourm    .   l - +3 buckler (curse)
rNeg     . . .     Faith    +   I - +0 troll leather armour (curse)
rPois    .         Spirit   .   o - +2 helmet {SInv} (curse)
rElec    .         Reflect  .   G - +1 cloak
rCorr    .         Harm     .   g - +2 pair of gloves (curse)
MR       .....     Clarity  +   (no boots)
Stlth    +++++.....             F - amulet of faith
HPRegen  0.64/turn              n - +5 ring of slaying (curse)
MPRegen  0.14/turn              (no ring)

@: very slightly contaminated, invisible
A: short attention span, fangs 1, slimy green scales 1, thin skeletal structure
1, frail 1, strong nose
a: Curse Item, Scrying, Renounce Religion


You were on level 12 of the Dungeon.
You worshipped Ashenzari.
Ashenzari was greatly pleased with you.
You were not hungry.

You visited 2 branches of the dungeon, and saw 13 of its levels.

You collected 752 gold pieces.

Inventory:

Hand Weapons
 i - a +4 falchion of freezing
 m - a +2 spear of venom
 q - a cursed +5 dagger (weapon)
 J - a +3 hand axe
 K - a +0 shortbow
 T - a +2 whip of electrocution
 V - a +1 quarterstaff of holy wrath
Missiles
 e - 58 poisoned needles
 j - 8 curare-tipped needles
 s - 7 tomahawks (quivered)
 L - 107 arrows
 Q - 4 poisoned tomahawks
 R - 7 steel javelins
Armour
 g - a cursed +2 pair of gloves (worn)
 l - a cursed +3 buckler (worn)
 o - a cursed +2 helmet of see invisible (worn)
 G - a +1 cloak (worn)
 I - a cursed +0 troll leather armour (worn)
Magical Staves
 p - an uncursed staff of wizardry
 S - a cursed staff of fire
Jewellery
 n - a cursed +5 ring of slaying (left hand)
 z - an uncursed ring of protection from cold
 F - an amulet of faith (around neck)
Wands
 a - a wand of random effects (22/48)
 d - a wand of polymorph (12/24)
 h - a wand of lightning (9/15)
 v - a wand of flame (31/48)
 y - a wand of acid (8/15)
 B - a wand of polymorph (4/24)
 D - a wand of scattershot (3/9)
 H - a wand of random effects (13/48)
 P - a wand of paralysis (17/24)
 Z - a wand of enslavement (13/24)
Scrolls
 b - 5 scrolls of teleportation
 x - 4 scrolls of blinking
 M - a scroll of remove curse
 Y - a scroll of magic mapping
Potions
 r - 5 potions of brilliance
 u - a potion of invisibility
 A - 2 potions of agility
 C - 3 potions of lignification
 N - a potion of curing
 U - a potion of berserk rage
Books
 c - a book of Dreams

   Spells                             Type                      Level
   a - Ensorcelled Hibernation        Hexes/Ice                    2
   b - Silence                        Hexes/Air                    5
   c - Darkness                       Hexes                        6
   d - Shadow Creatures               Summoning                    6
 t - a book of Maledictions

   Spells                             Type                      Level
   a - Corona                         Hexes                        1
   b - Ensorcelled Hibernation        Hexes/Ice                    2
   c - Confuse                        Hexes                        3
   d - Tukima's Dance                 Hexes                        3
   e - Dazzling Spray                 Conjuration/Hexes            3
 E - a book of Callings

   Spells                             Type                      Level
   a - Summon Small Mammal            Summoning                    1
   b - Call Imp                       Summoning                    2
   c - Call Canine Familiar           Summoning                    3
   d - Summon Guardian Golem          Hexes/Summoning              3
   e - Summon Lightning Spire         Summoning/Air                4
   f - Summon Ice Beast               Ice/Summoning                4
 O - a book of Conjurations

   Spells                             Type                      Level
   a - Magic Dart                     Conjuration                  1
   b - Searing Ray                    Conjuration                  2
   c - Dazzling Spray                 Conjuration/Hexes            3
   d - Fulminant Prism                Conjuration/Hexes            4
   e - Force Lance                    Conjuration/Translocation    4
   f - Iskenderun's Mystic Blast      Conjuration                  4
 W - the Papyrus of Summoning and Bewitchment
   (You found it on level 12 of the Dungeon)

   Spells                             Type                      Level
   a - Corona                         Hexes                        1
   b - Ensorcelled Hibernation        Hexes/Ice                    2
   c - Portal Projectile              Hexes/Translocation          3
   d - Call Canine Familiar           Summoning                    3
   e - Recall                         Summoning/Translocation      3
 X - a book of Party Tricks

   Spells                             Type                      Level
   a - Summon Butterflies             Summoning                    1
   b - Apportation                    Translocation                1
   c - Lesser Beckoning               Translocation                3
   d - Tukima's Dance                 Hexes                        3
   e - Alistair's Intoxication        Transmutation/Poison         5
   f - Invisibility                   Hexes                        6
Comestibles
 f - 5 meat rations
 k - 7 royal jellies
 w - 8 fruits


   Skills:
 + Level 9.5 Fighting
 + Level 10.0(11.4) Short Blades
 + Level 1.7(3.2) Maces & Flails
 + Level 4.2(4.3) Staves
 + Level 6.1 Throwing
 + Level 3.6 Armour
 + Level 9.9(10.9) Dodging
 + Level 9.3(10.4) Stealth
 + Level 10.0(11.0) Shields
 + Level 2.1 Spellcasting
 + Level 1.4 Conjurations
 + Level 3.5 Evocations


You had 6 spell levels left.
You knew the following spells:

 Your Spells              Type           Power        Failure   Level  Hunger
a - Summon Small Mammal   Summ           #...         32%         1    ##.....
b - Searing Ray           Conj           #.....       26%         2    ###....
c - Ensorcelled Hibernat  Hex/Ice        #.....       43%         2    ###....
d - Confuse               Hex            #.......     67%         3    ####...
e - Magic Dart            Conj           #...         19%         1    ##.....


Dungeon Overview and Level Annotations

Branches:
Dungeon (12/15)            Temple (1/1) D:4            Lair (0/6) D:11
    Orc: D:9-12

Altars:
Ashenzari
Cheibriados
Dithmenos
Elyvilon
Fedhas
Gozag
Hepliaklqana
Kikubaaqudgha
Makhleb
Nemelex Xobeh
Okawaru
Qazlal
Ru
Sif Muna
Trog
Uskayaw
Vehumet
Wu Jian
Xom
Yredelemnul
Zin
The Shining One


Innate Abilities, Weirdness & Mutations

You have a short attention span.
You have very sharp teeth.
Your uncanny sense of smell can sniff out nearby items.
You are partially covered in slimy green scales. (AC +2)
You have a somewhat thin skeletal structure. (Dex +2, Stealth)
You are frail. (-10% HP)


Message History

The slime creature is heavily wounded.
Your bat hits the slime creature. The large slime creature hits you!!
You hit the slime creature.
The slime creature is severely wounded.
Your bat hits the slime creature but does no damage.
You block the slime creature's attack.
You hit the slime creature.
The slime creature is severely wounded.
Your bat hits the slime creature but does no damage.
The large slime creature hits you!!
* * * LOW HITPOINT WARNING * * *
You hit the slime creature.
You bite the slime creature, but do no damage.
The slime creature is severely wounded.
Your bat hits the slime creature but does no damage.
The slime creature completely misses you.
You fade into invisibility!
Your bat hits the slime creature but does no damage.
The large slime creature hits you!!
You die...

.#...# #..#.#
#....#..#.# .'...# ,*,*
,#.......#.# .#...# ,,
#,#.......#.# '#...#, ,*
#.#.......#.# .....# ,
*#.#.........# .....# #
#...b.....###
##'###.#..#.####.)/....#
.......#........J...<..#
.^.....#, #...)J@..#...#
######+#...............#
,..######.####..# ,,,,
,, ,, , {..., ..# * ,,
*, ###### *.## *, , ,
*,, , .# * , *, *,* * .#
*, *, * , * , *,* , *
,,*


You could see a large slime creature, a slime creature and a friendly bat.

Vanquished Creatures
  6 two-headed ogres
  An unseen horror (D:10)
  An ugly thing (D:12)
  A cyclops (D:12)
  A manticore (D:11)
  Joseph (D:7)
  The ghost of HAL9000 the Slicer, a novice VSAs of Dithmenos (D:6)
  A kobold demonologist (D:11)
  The ghost of wazuzu the Cleaver, an amateur DDMo of Makhleb (D:3)
  A hornet (D:11)
  2 trolls
  3 hippogriffs
  2 slime creatures (D:12)
  Sigmund (D:4)
  A wyvern (D:8)
  A wraith (D:11)
  A vampire (D:5)
  14 yaks
  A hungry ghost (D:12)
  Menkaure (D:4)
  Edmund (D:5)
  5 ice beasts
  A sky beast (D:5)
  5 ogres
  3 orc warriors
  4 black bears
  2 phantoms
  2 necrophages (D:10)
  2 centaurs
  6 wolves (D:11)
  6 bullfrogs
  5 big kobolds
  2 wyvern zombies
  4 scorpions
  4 killer bees (D:10)
  3 wights (D:10)
  2 howler monkeys
  2 electric eels (D:11)
  2 centaur zombies
  7 crimson imps
  2 bullfrog zombies
  A quasit (D:9)
  4 jellies
  19 orc wizards
  10 hounds
  4 orc priests
  2 bullfrog skeletons
  2 iguanas
  10 worker ants
  A statue (D:7)
  A human simulacrum (D:11)
  2 hound zombies
  2 hound skeletons
  A worker ant zombie (D:8)
  6 gnolls
  A howler monkey skeleton (D:5)
  11 adders
  2 shadow imps
  3 oozes
  An adder zombie (D:8)
  An adder skeleton (D:5)
  2 worms (D:3)
  2 dart slugs (D:1)
  5 leopard geckos
  38 orcs
  2 giant cockroaches
  6 goblins
  5 hobgoblins
  8 jackals
  2 quokkas
  8 bats
  6 frilled lizards
  15 kobolds
  A leopard gecko zombie (D:7)
  12 rats
308 creatures vanquished.

Vanquished Creatures (collateral kills)
  A jelly (D:8)
1 creature vanquished.

Vanquished Creatures (others)
  A human simulacrum (D:11)
  A kobold (D:11)
2 creatures vanquished.

Grand Total: 311 creatures vanquished

Notes
Turn   | Place    | Note
-------+----------+-------------------------------------------
     0 | D:1      | sagitran the Gnoll Wanderer began the quest for the Orb.
     0 | D:1      | sagitran set off with: a +2 quarterstaff, 2 scrolls of teleportation, a +0 robe, a bread ration
     0 | D:1      | Reached XP level 1. HP: 24/24 MP: 2/2
   205 | D:1      | Reached XP level 2. HP: 25/31 MP: 3/3
   654 | D:1      | Reached XP level 3. HP: 36/37 MP: 4/4
   739 | D:2      | Found an iron altar of Okawaru.
   757 | D:2      | Gained mutation: Armour fits poorly on your strangely shaped body. [potion of mutation]
   757 | D:2      | Gained mutation: You have a pair of small antennae on your head. [potion of mutation]
   757 | D:2      | Gained mutation: You possess an exceptional clarity of mind. [potion of mutation]
   758 | D:2      | Lost mutation: Armour fits poorly on your strangely shaped body. [potion of mutation]
   758 | D:2      | Lost mutation: You possess an exceptional clarity of mind. [potion of mutation]
   758 | D:2      | Lost mutation: You have a pair of small antennae on your head. [potion of mutation]
   758 | D:2      | Gained mutation: You passively map a small area around you. [potion of mutation]
   758 | D:2      | Gained mutation: You expend magic power (3 MP) to strengthen your wands. [potion of mutation]
   758 | D:2      | Gained mutation: You have a pair of small horns on your head. [potion of mutation]
   972 | D:2      | Lost mutation: You have a pair of small horns on your head. [potion of mutation]
   972 | D:2      | Lost mutation: You passively map a small area around you. [potion of mutation]
   972 | D:2      | Gained mutation: You have a pair of small horns on your head. [potion of mutation]
   972 | D:2      | Gained mutation: You have a pair of horns on your head. [potion of mutation]
   973 | D:2      | Lost mutation: You have a pair of horns on your head. [potion of mutation]
   973 | D:2      | Lost mutation: You expend magic power (3 MP) to strengthen your wands. [potion of mutation]
   973 | D:2      | Gained mutation: Your spells are a little harder to cast, but a little more powerful. [potion of mutation]
   973 | D:2      | Gained mutation: Your system is resistant to poisons. (rPois) [potion of mutation]
   973 | D:2      | Gained mutation: You have a pair of horns on your head. [potion of mutation]
   974 | D:2      | Lost mutation: Your spells are a little harder to cast, but a little more powerful. [potion of mutation]
   974 | D:2      | Lost mutation: You have a pair of horns on your head. [potion of mutation]
   974 | D:2      | Lost mutation: You have a pair of small horns on your head. [potion of mutation]
   974 | D:2      | Gained mutation: Your magical capacity is low. (-10% MP) [potion of mutation]
   974 | D:2      | Gained mutation: You are robust. (+10% HP) [potion of mutation]
   974 | D:2      | Gained mutation: Your muscles are strong. (Str +2) [potion of mutation]
   995 | D:2      | Reached skill level 1 in Stealth
  1044 | D:2      | Found a white marble altar of Elyvilon.
  1050 | D:2      | Reached XP level 4. HP: 13/48 MP: 4/4
  1114 | D:2      | Reached skill level 1 in Short Blades
  1260 | D:2      | Found a shattered altar of Ashenzari.
  1316 | D:2      | Became a worshipper of Ashenzari the Shackled
  1318 | D:2      | Upgraded the game from 0.21-a0-88-g13b9641 to 0.21-a0-91-ga5031da
  1757 | D:3      | Reached XP level 5. HP: 40/53 MP: 5/5
  2208 | D:3      | Noticed wazuzu's ghost (amateur DDMo)
  2245 | D:3      | HP: 1/53 [wazuzu's ghost (7)]
  2874 | D:3      | Killed wazuzu's ghost
  2874 | D:3      | Reached XP level 6. HP: 45/61 MP: 6/6
  2969 | D:4      | Reached skill level 5 in Short Blades
  3012 | D:5      | Entered Level 5 of the Dungeon
  3256 | D:4      | Noticed Menkaure
  3267 | D:4      | Killed Menkaure
  3267 | D:4      | Reached XP level 7. HP: 68/68 MP: 7/7
  3269 | D:4      | Found a staircase to the Ecumenical Temple.
  3275 | Temple   | Entered the Ecumenical Temple
  3275 | Temple   | Reached * piety under Ashenzari
  3531 | D:4      | Reached skill level 5 in Dodging
  3596 | D:4      | Reached skill level 1 in Throwing
  3745 | D:6      | Reached skill level 5 in Shields
  3786 | D:5      | Noticed Edmund
  3868 | D:5      | Killed Edmund
  3868 | D:5      | Reached skill level 5 in Stealth
  3868 | D:5      | Reached XP level 8. HP: 48/74 MP: 8/8
  3976 | D:5      | Lost mutation: You are robust. (+10% HP) [mutagenic meat]
  3977 | D:5      | Lost mutation: Your muscles are strong. (Str +2) [mutagenic meat]
  3978 | D:5      | Gained mutation: You have large cloven feet. [mutagenic meat]
  3979 | D:5      | Gained mutation: Your magical capacity is very low. (-20% MP) [mutagenic meat]
  3980 | D:5      | Lost mutation: Your magical capacity is very low. (-20% MP) [mutagenic meat]
  3981 | D:5      | Gained mutation: Your spells are a little harder to cast, but a little more powerful. [mutagenic meat]
  4070 | D:5      | Learned a level 1 spell: Summon Small Mammal
  4201 | D:5      | Noticed a vampire
  4211 | D:5      | Killed a vampire
  4325 | D:5      | Reached XP level 9. HP: 75/75 MP: 9/9
  4486 | D:5      | Noticed Ijyb
  4491 | D:5      | Noticed Ijyb
  4491 | D:5      | Ijyb changed into Ijyb the adder
  4494 | D:5      | Killed Ijyb the adder
  4716 | D:4      | Noticed Sigmund
  4725 | D:4      | Killed Sigmund
  5189 | D:6      | Learned a level 2 spell: Searing Ray
  5248 | D:6      | Noticed HAL9000's ghost (novice VSAs)
  5267 | D:6      | Killed HAL9000's ghost
  5351 | D:6      | Found a bloodstained altar of Trog.
  5790 | D:6      | Reached ** piety under Ashenzari
  5882 | D:7      | Found a burning altar of Makhleb.
  5891 | D:7      | Noticed Joseph
  5892 | D:7      | Killed Joseph
  5932 | D:7      | Reached XP level 10. HP: 79/82 MP: 11/11
  6034 | D:7      | Found a radiant altar of Vehumet.
  6187 | D:7      | Lost mutation: You have large cloven feet. [potion of mutation]
  6187 | D:7      | Lost mutation: Your magical capacity is low. (-10% MP) [potion of mutation]
  6187 | D:7      | Lost mutation: Your spells are a little harder to cast, but a little more powerful. [potion of mutation]
  6187 | D:7      | Gained mutation: Your spells are a little easier to cast, but a little less powerful. [potion of mutation]
  6187 | D:7      | Gained mutation: You are partially covered in slimy green scales. (AC +2) [potion of mutation]
  6228 | D:7      | Lost mutation: Your spells are a little easier to cast, but a little less powerful. [potion of mutation]
  6228 | D:7      | Gained mutation: You occasionally shout uncontrollably at your foes. [potion of mutation]
  6228 | D:7      | Gained mutation: You are surrounded by a mild repulsion field. (EV +2) [potion of mutation]
  6338 | D:7      | Found a shadowy altar of Dithmenos.
  6661 | D:8      | Found a sacrificial altar of Ru.
  6728 | D:8      | Reached skill level 5 in Throwing
  7032 | D:8      | Reached *** piety under Ashenzari
  7658 | D:10     | Entered Level 10 of the Dungeon
  8154 | D:10     | Noticed a two-headed ogre
  8161 | D:10     | Killed a two-headed ogre
  8161 | D:10     | Reached XP level 11. HP: 89/89 MP: 13/13
  8221 | D:10     | Noticed a two-headed ogre
  8229 | D:10     | Killed a two-headed ogre
  8252 | D:10     | Noticed a two-headed ogre
  8274 | D:10     | Killed a two-headed ogre
  8289 | D:10     | Noticed an unseen horror
  8317 | D:10     | Killed an unseen horror
  8327 | D:10     | Lost mutation: Your system is resistant to poisons. (rPois) [potion of mutation]
  8327 | D:10     | Lost mutation: You occasionally shout uncontrollably at your foes. [potion of mutation]
  8327 | D:10     | Lost mutation: You are surrounded by a mild repulsion field. (EV +2) [potion of mutation]
  8327 | D:10     | Gained mutation: You are frail. (-10% HP) [potion of mutation]
  8327 | D:10     | Gained mutation: You have a somewhat thin skeletal structure. (Dex +2, Stealth) [potion of mutation]
  8702 | D:10     | Reached skill level 1 in Spellcasting
  8726 | D:10     | Noticed a two-headed ogre
  8740 | D:10     | Killed a two-headed ogre
  9300 | D:11     | Noticed a sun demon
  9396 | D:11     | Found a staircase to the Lair.
  9427 | D:11     | Paralysed by a hornet for 2 turns
  9441 | D:11     | Reached XP level 12. HP: 68/86 MP: 14/14
  9453 | D:11     | Reached skill level 1 in Armour
  9509 | D:11     | Reached skill level 10 in Short Blades
  9584 | D:11     | Noticed a two-headed ogre
  9599 | D:11     | Killed a two-headed ogre
  9599 | D:11     | Reached skill level 1 in Conjurations
  9666 | D:11     | Learned a level 2 spell: Ensorcelled Hibernation
  9932 | D:12     | Reached **** piety under Ashenzari
 10076 | D:12     | Noticed a two-headed ogre
 10099 | D:12     | Killed a two-headed ogre
 10154 | D:12     | Reached skill level 10 in Shields
 10240 | D:12     | Learned a level 3 spell: Confuse
 10336 | D:12     | Identified the Papyrus of Summoning and Bewitchment
 10345 | D:12     | Learned a level 1 spell: Magic Dart
 10374 | D:12     | Mangled by a large slime creature

Vault maps used:
D:1:      dpeg_arrival_boxorama
D:2:      elyvilon_altar_5, old_standard_altar, okawaru_gym_becter, first_bread
D:4:      temple_statues, sigmund_army, uniq_menkaure
D:5:      kennysheep_windowed_halls, minmay_misc_feat_nine_boxes, uniq_sigmund,
          uniq_edmund, uniq_ijyb
D:6:      trog_book
D:7:      lemuel_crystal_altar, vehumet_statue,
          nicolae_dithmenos_through_a_glass_darkly, uniq_joseph
D:8:      hangedman_ru_absence
D:10:     kennysheep_opposing_triangles
D:11:     erik_lair_island, the_bakery, bh_circular_ruins
D:12:     kennysheep_big_flooded_room
Temple:   compressed_dpeg_circular_temple

Skill      XL: |  1  2  3  4  5  6  7  8  9 10 11 12 |
---------------+-------------------------------------+-----
Staves         | 2 3 4 |  4.2
Stealth        | 1 3 4 5 6 7 8 9 |  9.3
Dodging        | 2 3 4 6 7 8 9 |  9.9
Short Blades   | 2 4 5 6 7 8 9 10 | 10.0
Shields        | 2 3 4 5 6 8 9 10 | 10.0
Fighting       | 8 9 |  9.5
Throwing       | 1 3 5 6 |  6.1
Evocations     | 2 3 |  3.5
Spellcasting   | 1 2 |  2.1
Armour         | 3 |  3.6
Conjurations   | 1 |  1.4
Maces & Flails | |  1.7

Action                   |  1- 3 |  4- 6 |  7- 9 | 10-12 || total
-------------------------+-------+-------+-------+-------++-------
Melee: Quarterstaff      |    40 |       |       |       ||    40
       Bite              |     5 |    14 |    37 |   136 ||   192
       Dagger            |    45 |   150 |   304 |   887 ||  1386
       Headbutt          |     4 |       |       |       ||     4
       Kick              |       |       |    65 |    12 ||    77
Throw: Tomahawk          |       |     2 |    14 |    12 ||    28
       Stone             |       |       |     1 |       ||     1
 Cast: Searing Ray       |       |       |       |     3 ||     3
       Magic Dart        |       |       |       |     1 ||     1
       Confuse           |       |       |       |     1 ||     1
       Summon Small Mamm |       |       |       |     1 ||     1
Invok: Curse Item        |       |     5 |       |     1 ||     6
Evoke: Wand              |       |     1 |     5 |     1 ||     7
  Use: Scroll            |     7 |     9 |     5 |    13 ||    34
       Potion            |     6 |     1 |       |     9 ||    16
 Stab: Sleeping          |     3 |     4 |     9 |    18 ||    34
       Distracted        |     1 |       |       |     5 ||     6
       Invisible         |       |       |       |     1 ||     1
  Eat: Bread ration      |       |     2 |     2 |     2 ||     6
       Chunk             |       |       |     6 |       ||     6
       Meat ration       |       |       |       |     2 ||     2
Armor: Robe              |    14 |    13 |    32 |    50 ||   109
       Troll leather arm |       |       |       |    56 ||    56
Dodge: Dodged            |    49 |    61 |   114 |   401 ||   625
Block: Buckler           |    11 |    40 |    77 |   345 ||   473
